 Dungeon Crawl Stone Soup version 0.31.0-11-ge490571c62 (webtiles) character file.

Game seed: 6093598457898946089

115 Gadfly the Ruffian (level 4, -3/33 HPs)
             Began as a Demonspawn Shapeshifter on Jan 27, 2024.
             Slain by an orc
             ... wielding a +0 short sword
              (4 damage)
             ... on level 3 of the Dungeon.
             The game lasted 00:02:22 (1998 turns).

Gadfly the Ruffian (Demonspawn Shapeshifter)        Turns: 1998, Time: 00:02:23

Health: -3/33      AC:  2    Str: 22    XL:     4   Next: 68%
Magic:  4/4        EV: 12    Int: 11    God:
Gold:   132        SH:  0    Dex: 12    Spells: 0/3 levels left

rFire   . .          .
                       - Unarmed
rCold   . . .        (no shield)
rNeg    . . .        a - +0 animal skin
rPois   .            (helmet currently unavailable)
rElec   .            (cloak currently unavailable)
rCorr   .            i - melded +0 pair of gloves
SInv    .            (boots currently unavailable)
Will    .....        (no amulet)
Stlth   +            e - +6 ring of strength
HPRegen 0.25/turn    (no ring)
MPRegen 0.09/turn

%: no passive effects
@: beast-form
A: beast (slay +1), antennae 1, weakness stinger 1
a: Begin Untransformation


You were on level 3 of the Dungeon.
You were a hulking beast.
You visited 1 branch of the dungeon, and saw 3 of its levels.

You collected 132 gold pieces.

Inventory:

Armour
 a - a +0 animal skin (worn)
 i - a +0 pair of gloves (melded)
Jewellery
 e - a +6 ring of strength (left hand)
Talismans
 c - a beast talisman (active)
 d - a flux talisman
Scrolls
 h - a scroll of enchant weapon
Potions
 b - a potion of lignification
 f - a potion of cancellation
 g - a potion of curing
 j - 2 potions of degeneration {unknown}


   Skills:
 + Level 2.0 Fighting
 * Level 2.7 Dodging
 + Level 3.3 Unarmed Combat
 * Level 1.8 Evocations
 + Level 3.0 Shapeshifting


You couldn't memorise any spells.
You knew the following spells:

 Your Spells              Type           Power      Damage    Failure   Level
a - Swiftness             Air            0%         N/A       71%         3

Your spell library contained the following spells:

 Spells                   Type           Power      Damage    Failure   Level
 Shock                    Conj/Air       0%         1d3       34%         1
 Airstrike                Air            0%         2d(0-16)  98%         4


Dungeon Overview and Level Annotations

Branches:
Dungeon (3/15)

Altars:

Shops:
D:3 (


Innate Abilities, Weirdness & Mutations

You are a hulking beast.
Your limbs bulge with bestial killing power. (Slay +1)
You have a pair of small antennae on your head.
You have a small tail.


Message History

The orc wizard hits you with a +0 dagger.
You barely miss the orc wizard.
The orc wizard is severely wounded.
The orc wizard points at you and mumbles some strange words.
The puff of flame hits you!
* * * LOW HITPOINT WARNING * * *
The orc hits you with a +0 short sword.
* * * LOW HITPOINT WARNING * * *
Okay, then.
The orc wizard attacks as it pursues you!
The orc wizard hits you with a +0 dagger.
* * * LOW HITPOINT WARNING * * *
Okay, then.
You hit the orc wizard.
The orc wizard is almost dead.
You barely miss the orc wizard.
The orc wizard is almost dead.
The orc wizard barely misses you.
You hit the orc wizard.
You kill the orc wizard!
Your Fighting skill increases to level 2!
Your Shapeshifting skill increases to level 3!
You hit the orc.
The orc is heavily wounded.
The orc barely misses you. The orc attacks as it pursues you!
The orc closely misses you. The orc attacks as it pursues you!
The orc barely misses you.
You hit the orc.
You kill the orc!
You closely miss the orc. The orc barely misses you.
You hit the orc but do no damage. The orc hits you with a +0 short sword.
* * * LOW HITPOINT WARNING * * *
You hit the orc but do no damage. You tail-slap the orc.
The orc is heavily wounded.
The orc hits you with a +0 short sword.
* * * LOW HITPOINT WARNING * * *
You hit the orc but do no damage.
The orc is moderately wounded.
The orc hits you with a +0 short sword.
You die...

###.####<# ...#
#>....##.# ....#
#.#...##.# ....# #
######.######.#.....#
....#....#.###....#.....#
....................>#
.#.....#.#.....[.∩#..#
#..####.#.###.#..#..# #.
#.#.# #.#h.#..# #.###
#.##o#..##### #..
#.#..#.o....# ###
#.##)#......#
#...))o.:...#
###.###.##### ... # ####


You could see an orc.

Vanquished Creatures
  An orc wizard (D:3)
  A gnoll (D:1)
  2 adders (D:2)
  A ribbon worm (D:2)
  A dart slug (D:1)
  3 orcs (D:3)
  4 ball pythons
  5 endoplasms
  2 giant cockroaches (D:1)
  5 hobgoblins
  4 jackals (D:2)
  2 quokkas
  7 bats
  2 frilled lizards
  3 goblins (D:1)
  2 kobolds (D:1)
  7 rats
52 creatures vanquished.

Notes
Turn   | Place    | Note
-------+----------+-------------------------------------------
     0 | D:1      | Gadfly the Demonspawn Shapeshifter began the quest for the
                  | Orb.
     0 | D:1      | Reached XP level 1. HP: 15/15 MP: 1/1
     2 | D:1      | Noticed a gargoyle
     4 | D:1      | Noticed an octopode
     4 | D:1      | Noticed a vine stalker
     6 | D:1      | Noticed a tengu
     6 | D:1      | Noticed a demonspawn
     8 | D:1      | Noticed a naga
    10 | D:1      | Noticed a demigod
    10 | D:1      | Noticed a spriggan
    12 | D:1      | Noticed a djinni
    14 | D:1      | Noticed a human
    14 | D:1      | Noticed a draconian
    16 | D:1      | Noticed an armataur
    16 | D:1      | Noticed a ghoul
    18 | D:1      | Noticed a merfolk
    18 | D:1      | Noticed a formicid
    20 | D:1      | Noticed a barachi
    22 | D:1      | Noticed a troll
    22 | D:1      | Noticed a felid
    24 | D:1      | Noticed a vampire
    24 | D:1      | Noticed an oni
    26 | D:1      | Noticed a minotaur
    26 | D:1      | Noticed an elf
   171 | D:1      | Discovered your monstrous ancestry.
   171 | D:1      | Gained mutation: You have a small tail. [demonic ancestry]
   171 | D:1      | Reached XP level 2. HP: 21/21 MP: 2/2
   472 | D:1      | Reached skill level 1 in Evocations
   486 | D:1      | Reached XP level 3. HP: 11/26 MP: 3/3
  1288 | D:2      | Gained mutation: You have a pair of small antennae on your
                  | head. [demonic ancestry]
  1288 | D:2      | Reached XP level 4. HP: 33/33 MP: 4/4
  1909 | D:2      | Learned a level 3 spell: Swiftness
  1948 | D:3      | Found Doiti's Antique Weapon Shop.
  1997 | D:3      | HP: 1/33 [orc/+0 short sword (4)]
  1998 | D:3      | Slain by an orc

Illustrated notes

Levels and vault maps discovered:
D:1:      kb_arrival_jail, layout_basic
D:2:      layout_basic, serial_aquarium, aquarium_bridge_long_joined
          [aquarium_subvault_window, aquarium_subvault_bridge,
          aquarium_subvault_bridge, aquarium_subvault_wall,
          aquarium_subvault_window, aquarium_subvault_balcony],
          aquarium_window_1, aquarium_window_fake, aquarium_window_1,
          aquarium_view_2d, aquarium_view_2e, aquarium_pool_1
D:3:      layout_basic, serial_shops, nicolae_shop_advertising_works
          [nicolae_subvault_shop_adworks], shop, shop,
          hangedman_decor_peaks_small, uniq_sigmund

Skill      XL: |  1  2  3  4 |
---------------+-------------+-----
Dodging        | 2 |  2.7
Unarmed Combat | 3 |  3.3
Evocations     | 1 |  1.8
Fighting       | 2 |  2.0
Shapeshifting  | 3 |  3.0

Action                     |  1- 3 |  4- 6 || total
---------------------------+-------+-------++-------
  Melee: Unarmed           |   130 |    47 ||   177
         Punch             |     1 |     3 ||     4
         Tailslap          |    11 |     4 ||    15
Ability: Begin Untransform |       |     1 ||     1
    Use: Scroll            |     3 |       ||     3
         Potion            |     1 |     1 ||     2
   Stab: Sleeping          |     5 |     1 ||     6
 Armour: Animal skin       |    58 |    23 ||    81
  Dodge: Dodged            |    89 |    21 ||   110
   Form: Beast             |       |     1 ||     1
